 Dungeon Crawl Stone Soup version 0.29-a0-380-gf50f0a9fbc (webtiles) character file.

Game seed: 4204204586129642857

329 Hubjo the Firebug (level 6, 0/36 HPs)
             Began as a Deep Elf Fire Elementalist on May 5, 2022.
             Slain by an ice beast (11 damage)
             ... on level 6 of the Dungeon.
             The game lasted 00:03:49 (2891 turns).

Hubjo the Firebug (Deep Elf Fire Elementalist)      Turns: 2891, Time: 00:03:50

Health: 0/36       AC:  2    Str:  5    XL:     6   Next: 25%
Magic:  9/15       EV: 13    Int: 20    God:
Gold:   213        SH:  0    Dex: 17    Spells: 9/14 levels left

rFire   . . .      SeeInvis .   m - +2 short sword (venom)
rCold   . . .      Faith    .   (no shield)
rNeg    . . .      Spirit   .   a - +0 robe
rPois   .          Reflect  .   (no helmet)
rElec   .          Harm     .   (no cloak)
rCorr   .          Rampage  .   (no gloves)
Will    .....                   (no boots)
Stlth   +++.......              (no amulet)
HPRegen 0.12/turn               (no ring)
MPRegen 0.14/turn               (no ring)

@: no status effects
A: no striking features
a: no special abilities


You were on level 6 of the Dungeon.
You visited 1 branch of the dungeon, and saw 4 of its levels.

You collected 213 gold pieces.

Inventory:

Hand Weapons
 m - a +2 short sword of venom (weapon)
 u - a +2 scimitar of holy wrath
Armour
 a - a +0 robe (worn)
Magical Staves
 t - a staff of air
Jewellery
 s - a +4 ring of evasion
Wands
 n - a wand of mindburst (18)
Scrolls
 c - 2 scrolls of brand weapon {unknown}
 e - a scroll of enchant armour {unknown}
 i - 2 scrolls of identify {unknown}
 o - 2 scrolls of enchant weapon
 p - a scroll of vulnerability {unknown}
 r - a scroll of immolation {unknown}
Potions
 b - 3 potions of magic
 d - 3 potions of curing {unknown}
 f - a potion of cancellation {unknown}
 g - a potion of flight {unknown}
 h - a potion of haste
 j - a potion of degeneration {unknown}
 k - a potion of lignification {unknown}
 l - a potion of resistance {unknown}
 q - a potion of heal wounds {unknown}


   Skills:
 + Level 2.7 Fighting
 - Level 2.4 Dodging
 + Level 4.3 Stealth
 + Level 4.7 Spellcasting
 - Level 1.1 Conjurations
 * Level 5.0 Fire Magic


You had 9 spell levels left.
You knew the following spells:

 Your Spells              Type           Power      Damage    Failure   Level
a - Foxfire               Conj/Fire      68%        2x1d7     3%          1
b - Flame Wave            Conj/Fire      17%        2d6       32%         4

Your spell library contained the following spells:

 Spells                   Type           Power      Damage    Failure   Level
 Scorch                   Fire           48%        2d7       2%          2
 Conjure Flame            Conj/Fire      17%        6-21      10%         3
 Inner Flame              Hex/Fire       14%        N/A       13%         3


Dungeon Overview and Level Annotations

Branches:
Dungeon (3/15)

Altars:

Shops:
D:6 *


Message History

An ice beast comes into view.
An ice beast is nearby!
You conjure some foxfire!
You conjure some foxfire!
The foxfire hits the ice beast.
The ice beast melts!
The ice beast is lightly wounded.
The foxfire hits the ice beast.
The ice beast melts!
The ice beast is moderately wounded.
You conjure some foxfire!
Your foxfire dissipates!
The foxfire hits the ice beast but does no damage.
The ice beast is moderately wounded.
The foxfire hits the ice beast but does no damage.
The ice beast is moderately wounded.
The foxfire hits the ice beast.
The ice beast melts!
The ice beast is moderately wounded.
You conjure some foxfire!
The foxfire hits the ice beast but does no damage.
The ice beast is moderately wounded.
You conjure some foxfire!
You hit the ice beast. Your punch misses the ice beast.
The ice beast is heavily wounded.
The foxfire hits the ice beast.
The ice beast melts!
The ice beast is severely wounded.
Your foxfire dissipates!
The ice beast hits you. The ice beast freezes you.
You hit the ice beast.
The ice beast is severely wounded.
Your foxfire dissipates!
The ice beast hits you. The ice beast freezes you!
You are too injured to fight recklessly!
Casting: Foxfire (safe; 3% risk of failure)
Confirm with . or Enter, or press ? or * to list all spells.
You conjure some foxfire!
The ice beast hits you but does no damage.
Casting: Foxfire (safe; 3% risk of failure)
Confirm with . or Enter, or press ? or * to list all spells.
You conjure some foxfire!
The foxfire hits the ice beast.
The ice beast is severely wounded.
The ice beast hits you. The ice beast freezes you!
You die...

.## ..# #####
#>###...##
#.##.....##
#.#.......# ..
#.#....[..#
.....######.#.......#
.......§vv.........##
#....###@v#..#.....##
#......Y.###........#
#......### ##....†..#
#...... #.......#
#####..#######.....##
..............##
......####..####
#.#.# #..####### ....
#........#


You could see an ice beast (ally target).

Vanquished Creatures
  A sky beast (D:6)
  An ogre (D:6)
  A howler monkey (D:6)
  Robin (D:2)
  5 gnolls
  A worm (D:2)
  2 dart slugs (D:1)
  2 ball pythons (D:1)
  3 bats (D:1)
  6 endoplasms
  4 giant cockroaches
  13 goblins
  8 hobgoblins
  A quokka (D:3)
  2 frilled lizards (D:1)
  3 kobolds
54 creatures vanquished.

Vanquished Creatures (others)
  278 foxfires
278 creatures vanquished.

Grand Total: 332 creatures vanquished

Notes
Turn   | Place    | Note
-------+----------+-------------------------------------------
     0 | D:1      | Hubjo the Deep Elf Fire Elementalist began the quest for
                  | the Orb.
     0 | D:1      | Reached XP level 1. HP: 10/10 MP: 6/6
   264 | D:1      | Reached XP level 2. HP: 16/16 MP: 0/8
   384 | D:1      | Reached skill level 1 in Fighting
   608 | D:1      | Reached XP level 3. HP: 20/20 MP: 4/9
  1272 | D:2      | Found a faded altar of an unknown god.
  1561 | D:2      | Noticed Robin
  1568 | D:2      | Killed Robin
  1701 | D:2      | Reached XP level 4. HP: 26/26 MP: 7/11
  1828 | D:2      | Reached skill level 4 in Fire Magic
  2424 | D:2      | Learned a level 4 spell: Flame Wave
  2682 | D:3      | You fall into a shaft and drop 3 floors!
  2685 | D:6      | Found Anarreyll's Overcharged Wands.
  2701 | D:6      | Noticed an ogre
  2704 | D:6      | Reached XP level 5. HP: 30/30 MP: 9/13
  2709 | D:6      | Killed an ogre
  2792 | D:6      | Noticed a sky beast
  2801 | D:6      | Killed a sky beast
  2802 | D:6      | Reached skill level 5 in Fire Magic
  2802 | D:6      | Reached XP level 6. HP: 30/36 MP: 6/15
  2881 | D:6      | Noticed an ice beast
  2891 | D:6      | Slain by an ice beast

Illustrated notes

Levels and vault maps discovered:
D:1:      kennysheep_arrival_seaside, layout_rooms,
          minmay_misc_feat_four_crosses
D:2:      layout_basic, chequers_ecumenical_altar_simple_redux, minmay_vboxes,
          uniq_robin
D:3:      layout_rooms, marbit_many_paths
D:6:      layout_rooms, minmay_temple_entry_poolview, ebering_ghost_sewer_f,
          nicolae_shop_overcharged_wands

Skill      XL: |  1  2  3  4  5 |
---------------+----------------+-----
Fighting       | 1 2 |  2.7
Stealth        | 3 4 |  4.3
Fire Magic     | 4 5 |  5.0
Spellcasting   | 4 |  4.7
Dodging        | |  2.4
Conjurations   | |  1.1

Action                   |  1- 3 |  4- 6 || total
-------------------------+-------+-------++-------
Melee: Short sword       |    10 |     8 ||    18
 Cast: Foxfire           |    98 |    71 ||   169
  Use: Scroll            |       |     2 ||     2
       Potion            |       |     1 ||     1
Armor: Robe              |     1 |     5 ||     6
Dodge: Dodged            |     8 |    13 ||    21

Table legend: (Time is in decaauts)
 A = Elapsed time spent in this place.
 B = Non-inter-level travel time spent in this place.
 C = Inter-level travel time spent in this place.
 D = Time resting spent in this place.
 E = Time spent auto-exploring this place.
 F = Levels seen in this place.
 G = Mean time per level.
                   A        B        C        D        E       F      G
               +--------+--------+--------+--------+--------+-----+--------+
         Total |   2876 |   2797 |     79 |      0 |   2457 |   4 |  719.0 |
       Dungeon |   2876 |   2797 |     79 |      0 |   2457 |   4 |  719.0 |
               +--------+--------+--------+--------+--------+-----+--------+

Top non-repeatable levels by time:
     D:2: 1388 daAuts
     D:1: 1080 daAuts
     D:6: 209 daAuts
     D:3: 198 daAuts
